 Dungeon Crawl Stone Soup version 0.32-a0-876-gcfddb08e57 (webtiles) character file.

Game seed: 4637068177847491945

751 Biggs the Skirmisher (level 7, -3/50 HPs)
             Began as a Coglin Hunter on Apr 2, 2024.
             Slain by Pikel
             ... wielding a +2 whip of electrocution
              (10 damage)
             ... on level 5 of the Dungeon.
             The game lasted 00:06:39 (3189 turns).

Biggs the Skirmisher (Coglin Hunter)                Turns: 3189, Time: 00:06:39

Health: -3/50      AC:  6    Str: 11    XL:     7   Next: 78%
Magic:  7/7        EV: 11    Int:  9    God:
Gold:   155        SH:  0    Dex: 19    Spells: 6/6 levels left

rFire   . . .        a - +2 sling {Kanchana}
rCold   . . .        d - +0 sling {Kamaljyot}
rNeg    . . .        c - +0 leather armour
rPois   .            (no helmet)
rElec   .            (no cloak)
rCorr   .            t - +2 pair of gloves
SInv    .            (no boots)
Will    .....        (amulet unavailable)
Stlth   ++           (ring unavailable)
HPRegen 0.28/turn    (ring unavailable)
MPRegen 0.10/turn    (no gizmo)

%: no passive effects
@: revved
A: off-hand wielding, slow wielding, warmup strikes, no jewellery
a: Invent Gizmo


You were on level 5 of the Dungeon.
You visited 1 branch of the dungeon, and saw 5 of its levels.
You also visited: Ossuary.

You collected 203 gold pieces.
You spent 48 gold pieces at shops.

Inventory:

Hand Weapons
 a - a +2 sling (weapon) {Kanchana}
 d - a +0 sling (offhand) {Kamaljyot}
Armour
 c - a +0 leather armour (worn)
 t - a +2 pair of gloves (worn)
Scrolls
 e - a scroll of silence
 k - a scroll of blinking {unknown}
 l - a scroll of amnesia {unknown}
 m - a scroll of noise {unknown}
 n - a scroll of fog {unknown}
 o - 3 scrolls of teleportation
 p - a scroll of poison {unknown}
 r - a scroll of immolation {unknown}
 v - a scroll of summoning {unknown}
Potions
 b - a potion of attraction {unknown}
 f - 6 potions of curing {unknown}
 h - a potion of degeneration {unknown}
 j - 2 potions of brilliance {unknown}
 q - a potion of lignification {unknown}
 s - a potion of invisibility {unknown}
 u - 3 potions of enlightenment {unknown}


   Skills:
 - Level 2.0 Fighting
 + Level 8.5 Ranged Weapons
 - Level 1.7 Dodging
 - Level 0.7 Stealth


You had 6 spell levels left.
You didn't know any spells.
Your spell library contained the following spells:

 Spells                   Type           Power      Damage    Failure   Level
 Summon Ice Beast         Ice/Summ       0%         N/A       85%         3
 Summon Mana Viper        Hex/Summ       0%         N/A       100%        5
 Monstrous Menagerie      Summ           0%         N/A       100%        7


Dungeon Overview and Level Annotations

Branches:
Dungeon (5/15)            Ossuary (visited)
 Temple: D:4-7

Altars:
Gozag

Shops:
D:3 *

Annotations:
D:2 1 runed translucent door, Crazy Yiuf
D:5 Pikel


Innate Abilities, Weirdness & Mutations

You can wield a second weapon in your off-hand.
It takes a long time for you to wield or remove held weapons.
Your first few attacks do less damage.
You cannot equip rings or amulets.


Message History

Unknown command.
You shoot a sling bullet. The sling bullet closely misses Pikel.
You shoot a sling bullet. The sling bullet hits Pikel.
Pikel is heavily wounded.
Pikel closely misses you.
Unknown command.
You shoot a sling bullet.
The sling bullet hits Pikel but does no damage.
Pikel is heavily wounded.
You shoot a sling bullet. The sling bullet hits Pikel!
Pikel is severely wounded.
Pikel closely misses you.
Unknown command.
You shoot a sling bullet. The sling bullet hits Pikel.
Pikel is almost dead.
You shoot a sling bullet. The sling bullet closely misses Pikel.
Pikel closely misses you.
Unknown command.
You shoot a sling bullet. The sling bullet misses Pikel.
You shoot a sling bullet. The sling bullet hits Pikel.
Pikel is almost dead.
Pikel hits you with a +2 whip of electrocution!
You are electrocuted!
* * * LOW HITPOINT WARNING * * *
Unknown command.
You are too injured to fight recklessly!
You are too injured to fight recklessly!
Unknown command.
Unknown command.
You are too injured to fight recklessly!
Fire: a) +2 sling {Kanchana}
Press: ? - help, Q - select action Shift-Dir - straight line, f/p - Pikel
Aim: Pikel, wielding a +2 whip of electrocution and wearing a +0 robe (almost dead, 60% to hit)
You shoot a sling bullet. The sling bullet barely misses Pikel.
You shoot a sling bullet.
The sling bullet hits Pikel but does no damage.
Pikel is almost dead.
Pikel hits you with a +2 whip of electrocution!
You die...
Pikel says, "See you in Hell!"

.......#. ............######
.K....... ..................
####..#...#.. #.#.##############
l.b....b.....# #.#.# #
#b.#<.#...#...##.#.## #
...#...b............# #
##....#...#. #..# #
.#........#####.K# #
................@# #
...#..#.#.######.# #
##...............################
.................................
####......#######################
#.###. # ## #


You could see Pikel.

Vanquished Creatures
  A black bear (D:5)
  An ogre (D:5)
  4 centaur zombies (Ossuary)
  4 human zombies (Ossuary)
  A hound (D:5)
  A sleepcap (D:5)
  7 hound zombies (Ossuary)
  2 mummies (Ossuary)
  A gnoll (D:5)
  2 adders (D:3)
  6 adder zombies (Ossuary)
  3 dart slugs
  2 ribbon worms (D:2)
  An orc (D:5)
  6 endoplasms
  5 giant cockroaches
  6 hobgoblins
  2 jackals (D:3)
  4 quokkas
  8 ball pythons
  7 bats
  5 frilled lizards
  5 gnoll zombies (Ossuary)
  6 goblins
  4 jackal zombies (Ossuary)
  8 kobolds
  4 kobold zombies (Ossuary)
  3 orc zombies (Ossuary)
  7 rats
116 creatures vanquished.

Notes
Turn   | Place    | Note
-------+----------+-------------------------------------------
     0 | D:1      | Biggs the Coglin Hunter began the quest for the Orb.
     0 | D:1      | Reached XP level 1. HP: 16/16 MP: 1/1
   127 | D:1      | Reached skill level 4 in Ranged Weapons
   127 | D:1      | Reached XP level 2. HP: 22/22 MP: 2/2
   379 | D:1      | Reached XP level 3. HP: 27/27 MP: 3/3
   967 | D:2      | Found a runed translucent door.
   968 | D:2      | Noticed Crazy Yiuf
   997 | D:2      | Identified the +9 rapier of the Beastly God {heavy, rCorr
                  | Int-2 Dex-3 SInv}
  1190 | D:2      | Reached skill level 5 in Ranged Weapons
  1190 | D:2      | Reached XP level 4. HP: 33/33 MP: 4/4
  1381 | D:2      | Found an opulent altar of Gozag.
  1700 | D:3      | Found Jocorae's Assorted Antiques.
  1708 | D:3      | Bought 2 scrolls labelled ACADUENN DUIKO for 48 gold pieces
  2298 | D:4      | Noticed Pikel
  2299 | D:4      | Noticed a lemure
  2302 | D:4      | Noticed a lemure
  2303 | D:4      | Noticed a lemure
  2306 | D:5      | Entered Level 5 of the Dungeon
  2310 | D:5      | Found a sand-covered staircase.
  2315 | Ossuary  | Entered an ossuary
  2374 | Ossuary  | Reached XP level 5. HP: 37/38 MP: 5/5
  2419 | Ossuary  | Reached skill level 6 in Ranged Weapons
  2513 | Ossuary  | Reached XP level 6. HP: 29/44 MP: 6/6
  2638 | Ossuary  | Reached skill level 7 in Ranged Weapons
  2811 | Ossuary  | Reached XP level 7. HP: 46/50 MP: 7/7
  2982 | D:5      | Reached skill level 8 in Ranged Weapons
  3189 | D:5      | Slain by Pikel

Illustrated notes

Levels and vault maps discovered:
D:1:      minmay_arrival_doors, layout_loops_corners
D:2:      layout_loops_ring, basic_altar, uniq_crazy_yiuf_cottage
D:3:      layout_loops_cross, serial_shops, shop, kennysheep_potato
D:4:      layout_basic, temple_hall, serial_shops, shop,
          lightli_sewer_entry_pipes, minmay_joined_circles, uniq_pikel
D:5:      layout_basic, nicolae_ossuary_entry_ruins

Skill      XL: |  1  2  3  4  5  6  7 |
---------------+----------------------+-----
Ranged Weapons | 4 5 6 7 8 |  8.5
Fighting       | |  2.0
Dodging        | |  1.7
Stealth        | |  0.7

Action                     |  1- 3 |  4- 6 |  7- 9 || total
---------------------------+-------+-------+-------++-------
   Fire: Sling             |   200 |   380 |   104 ||   684
    Use: Scroll            |       |     1 |     5 ||     6
 Armour: Leather armour    |     8 |    83 |    31 ||   122
  Dodge: Dodged            |    10 |    78 |    35 ||   123

Table legend: (Time is in decaauts)
 A = Elapsed time spent in this place.
 B = Non-inter-level travel time spent in this place.
 C = Inter-level travel time spent in this place.
 D = Time resting spent in this place.
 E = Time spent auto-exploring this place.
 F = Levels seen in this place.
 G = Mean time per level.
                   A        B        C        D        E       F      G
               +--------+--------+--------+--------+--------+-----+--------+
         Total |   3240 |   3106 |    134 |      0 |   2415 |   6 |  540.0 |
       Dungeon |   2639 |   2505 |    134 |      0 |   2106 |   5 |  527.8 |
       Ossuary |    600 |    600 |      0 |      0 |    309 |   1 |  600.0 |
               +--------+--------+--------+--------+--------+-----+--------+

Top non-repeatable levels by time:
     D:1: 941 daAuts
     D:3: 682 daAuts
     D:2: 675 daAuts
 Ossuary: 600 daAuts
     D:5: 301 daAuts
     D:4: 38 daAuts
